[Event "12th KIIT International 2019"]
[Site "Odisha"]
[Date "2019.06.07"]
[Round "10.12"]
[White "Vasquez Schroeder, Rodrigo"]
[Black "Deshmukh, Anup"]
[Result "1-0"]
[ECO "C63"]
[WhiteElo "2476"]
[BlackElo "2229"]
[Annotator "ChessBase"]
[PlyCount "151"]
[EventDate "2019.05.31"]
[EventType "swiss"]
[EventCountry "IND"]
[SourceTitle "playchess.com"]
[Source "ChessBase"]
[SourceQuality "1"]
[TimeControl "5400+30"]

1. e4 e5 2. Nf3 Nc6 3. Bb5 f5 4. d3 fxe4 5. dxe4 Nf6 6. O-O d6 7. Nc3 Be7 8. Qd3 a6 9. Bc4 b5 10. Bb3 Na5 11. Bg5 Nxb3 12. axb3 Rb8 13. Bxf6 Bxf6 14. Nd5 O-O 15. h3 Qd7 16. Nxf6+ Rxf6 17. Nd2 Qf7 18. b4 Bb7 19. f3 Rf8 20. Qe3 Bc8 21. Rf2 Qh5 22. Kf1 Qh4 23. Ke2 h6 24. Re1 Kh7 25. Kd1 Be6 26. Rfe2 Ra8 27. Qa3 Rff8 28. Qa5 Qe7 29. Nf1 Bc4 30. Rd2 Bxf1 31. Rxf1 Rfc8 32. Rff2 Qe6 33. Rd3 Qf7 34. Kc1 Qf4+ 35. Rfd2 Qh2 36. Re2 Rab8 37. Rd1 Rb6 38. Kb1 Rc6 39. b3 Rf8 40. Rd3 Rf6 41. Kb2 Rg6 42. Rdd2 Qg1 43. Qa1 Qb6 44. Rd3 Rf6 45. Qe1 Qb7 46. Red2 Rf8 47. Rd1 Ra8 48. Ra1 Rb6 49. Qd2 Qb8 50. Rd5 Qf8 51. Qc3 Qe7 52. Qd2 Qf8 53. Rd3 Rc8 54. Rd1 Qf6 55. Rd5 Ra8 56. Qc3 Qe7 57. Qd2 Qf6 58. Rf1 Rf8 59. Rd3 Qe7 60. Rd1 Rc8 61. g3 Rf8 62. Qe3 Rf6 63. Rc3 Rb7 64. h4 Qf7 65. Rf1 Qg6 66. f4 Qg4 67. f5 Rf7 68. Rf2 a5 69. bxa5 c5 70. Rd3 Ra7 71. Qe2 Qh3 72. Rh2 Qxh2 73. Qxh2 Rxa5 74. Rxd6 b4 75. Qe2 Rfa7 76. Qg4 1-0

[Event "12th KIIT International 2019"]
[Site "Odisha"]
[Date "2019.06.07"]
[Round "10.13"]
[White "Baivab Mishra"]
[Black "Lugovskoy, Maxim"]
[Result "1/2-1/2"]
[ECO "E04"]
[WhiteElo "2209"]
[BlackElo "2451"]
[Annotator "ChessBase"]
[PlyCount "126"]
[EventDate "2019.05.31"]
[EventType "swiss"]
[EventCountry "IND"]
[SourceTitle "playchess.com"]
[Source "ChessBase"]
[SourceQuality "1"]
[TimeControl "5400+30"]

1. Nf3 d5 2. d4 Nf6 3. c4 e6 4. g3 dxc4 5. Bg2 a6 6. O-O Nc6 7. e3 Rb8 8. Nfd2 e5 9. Nxc4 exd4 10. Bxc6+ bxc6 11. Qxd4 Qxd4 12. exd4 Be6 13. b3 c5 14. dxc5 Bxc5 15. Ba3 Bd4 16. Bb2 Bxb2 17. Nxb2 h5 18. Nc3 h4 19. Nd3 Kf8 20. Nf4 Bf5 21. Nfd5 Nd7 22. Rfe1 c6 23. Ne3 Be6 24. Nc2 c5 25. Rad1 Nf6 26. Ne3 g6 27. Ned5 Nxd5 28. Nxd5 Kg7 29. Nf4 Bg4 30. Rc1 hxg3 31. fxg3 Rbd8 32. Rc2 Rd7 33. Re5 Rd1+ 34. Kg2 Rhd8 35. Rf2 Ra1 36. h3 Bc8 37. g4 Rd7 38. Rxc5 Bb7+ 39. Kg3 Re7 40. Rc3 Kh6 41. Ng2 Rd1 42. a4 a5 43. Ne3 Rg1+ 44. Kh2 Rb1 45. Kg3 Ba8 46. Nc4 Ree1 47. Ne3 Kg7 48. h4 Ra1 49. Kf4 Rab1 50. Kg3 Be4 51. Kf4 Bb7 52. Rd2 Bh1 53. Rd7 Re2 54. Rcc7 Rf2+ 55. Kg5 Re1 56. Nf5+ gxf5 57. Rxf7+ Kg8 58. Rg7+ Kf8 59. Rcf7+ Ke8 60. Rc7 Kd8 61. Rgd7+ Ke8 62. Rg7 Kd8 63. Rgd7+ Ke8 1/2-1/2

[Event "12th KIIT International 2019"]
[Site "Odisha"]
[Date "2019.06.07"]
[Round "10.14"]
[White "Khusenkhojaev, Muhammad"]
[Black "Aaryan Varshney"]
[Result "1/2-1/2"]
[ECO "E15"]
[WhiteElo "2446"]
[BlackElo "2196"]
[Annotator "ChessBase"]
[PlyCount "204"]
[EventDate "2019.05.31"]
[EventType "swiss"]
[EventCountry "IND"]
[SourceTitle "playchess.com"]
[Source "ChessBase"]
[SourceQuality "1"]
[TimeControl "5400+30"]

1. Nf3 Nf6 2. c4 e6 3. g3 d5 4. d4 Bb4+ 5. Bd2 Be7 6. Bg2 O-O 7. O-O c6 8. Qc2 b6 9. Rd1 Nbd7 10. b3 Ba6 11. a4 h6 12. Be1 Re8 13. a5 Qc8 14. Nbd2 c5 15. e4 dxc4 16. Nxc4 cxd4 17. Nxd4 bxa5 18. Nxa5 Qxc2 19. Nxc2 Rac8 20. Nd4 Ne5 21. b4 Nd3 22. Nac6 Nxe1 23. Rxe1 Bb7 24. Nxe7+ Rxe7 25. Rxa7 Rc4 26. e5 Nd5 27. Bxd5 exd5 28. Nf5 Rec7 29. b5 d4 30. b6 Rc1 31. Rf1 Rxf1+ 32. Kxf1 Rc1+ 33. Ke2 Be4 34. Nxd4 Rb1 35. Ke3 Bg2 36. e6 fxe6 37. Re7 Rxb6 38. Nxe6 Rb7 39. Rxb7 Bxb7 40. Kd4 Bc8 41. Ke5 Kf7 42. Nd8+ Ke7 43. Nc6+ Kf7 44. f4 Bd7 45. Nd4 g6 46. h4 Bg4 47. Nb5 Kg7 48. Nd6 h5 49. Ne8+ Kf7 50. Nf6 Bc8 51. Ne4 Bg4 52. Nd6+ Kg7 53. f5 gxf5 54. Nxf5+ Kg6 55. Ne7+ Kf7 56. Nd5 Bf3 57. Nc3 Kg6 58. Nb5 Bg4 59. Nd4 Bd7 60. Ne6 Kf7 61. Nc7 Bg4 62. Nd5 Bf3 63. Ne3 Kg6 64. Nf5 Bg4 65. Nd6 Bd7 66. Nc4 Bg4 67. Ne3 Bh3 68. Kf4 Be6 69. Ke5 Bh3 70. Nd5 Bg4 71. Kd6 Bf3 72. Ne3 Kf6 73. Nc4 Bg4 74. Ne3 Be6 75. Nc2 Bf5 76. Nd4 Bg4 77. Kd5 Bd7 78. Ke4 Bg4 79. Kf4 Bd7 80. Ne2 Bc8 81. Nc3 Be6 82. Ne4+ Kg6 83. Ke5 Bg4 84. Nc5 Bc8 85. Kf4 Kf6 86. Ne4+ Kg6 87. Nd6 Be6 88. Ke4 Bg4 89. Ke5 Bd7 90. Ne4 Bg4 91. Nf6 Bc8 92. Nd5 Bg4 93. Nf4+ Kf7 94. Kd5 Bf3+ 95. Kd4 Kf6 96. Ke3 Bd1 97. Ne2 Bxe2 98. Kxe2 Ke5 99. Ke3 Kf5 100. Kf3 Ke5 101. g4 hxg4+ 102. Kxg4 Kf6 1/2-1/2

[Event "12th KIIT International 2019"]
[Site "Odisha"]
[Date "2019.06.07"]
[Round "10.15"]
[White "Das, Sayantan"]
[Black "Arpita, Mukherjee"]
[Result "1-0"]
[ECO "A28"]
[WhiteElo "2419"]
[BlackElo "2196"]
[Annotator "ChessBase"]
[PlyCount "139"]
[EventDate "2019.05.31"]
[EventType "swiss"]
[EventCountry "IND"]
[SourceTitle "playchess.com"]
[Source "ChessBase"]
[SourceQuality "1"]
[TimeControl "5400+30"]

1. c4 e5 2. Nc3 Nf6 3. Nf3 Nc6 4. e3 d5 5. cxd5 Nxd5 6. Bb5 Nxc3 7. bxc3 Bd6 8. d4 exd4 9. Nxd4 Bd7 10. Nxc6 bxc6 11. Bd3 Qe7 12. Qc2 Qh4 13. h3 O-O 14. O-O Rfe8 15. Rb1 a5 16. c4 Qh5 17. f4 Bc5 18. Rf3 f5 19. Rg3 Re7 20. Kh2 h6 21. Rb7 Bc8 22. Rb3 a4 23. Rb1 a3 24. Rb3 Bd7 25. Qc3 Qe8 26. Be2 Qf8 27. Bxa3 Bxa3 28. Rxa3 Rxa3 29. Qxa3 Re8 30. Qc3 Ra8 31. c5 Be6 32. a3 Kh7 33. Qe5 Bd5 34. Bd3 g6 35. Qxc7+ Qf7 36. Qxf7+ Bxf7 37. e4 fxe4 38. Bxe4 Ra4 39. Bxc6 Rc4 40. Bd7 Rxc5 41. Rd3 Kg7 42. a4 Bd5 43. Bg4 Bc6 44. Bd7 Bd5 45. Rd2 h5 46. Kg3 Kf6 47. Bb5 Be4 48. Rd6+ Ke7 49. Rd2 Kf6 50. Kf2 h4 51. Ke3 Ba8 52. Rd6+ Kf7 53. Rd2 Kf6 54. Bd3 Bc6 55. Ra2 Ra5 56. Rb2 Kf7 57. Bb5 Ba8 58. Kd4 Ra7 59. Re2 Kf6 60. Kc5 g5 61. fxg5+ Kxg5 62. Re8 Kf4 63. Kb6 Rb7+ 64. Ka6 Rxb5 65. Rxa8 Rg5 66. Rh8 Kg3 67. a5 Rg6+ 68. Kb5 Rg5+ 69. Ka4 Rg6 70. Kb4 1-0

[Event "12th KIIT International 2019"]
[Site "Odisha"]
[Date "2019.06.07"]
[Round "10.16"]
[White "Varshini, V."]
[Black "Rakesh Kumar Jena"]
[Result "0-1"]
[ECO "B08"]
[WhiteElo "2189"]
[BlackElo "2411"]
[Annotator "ChessBase"]
[PlyCount "80"]
[EventDate "2019.05.31"]
[EventType "swiss"]
[EventCountry "IND"]
[SourceTitle "playchess.com"]
[Source "ChessBase"]
[SourceQuality "1"]
[TimeControl "5400+30"]

1. e4 c6 2. d4 g6 3. Nf3 Bg7 4. Nc3 d6 5. a4 Nf6 6. Be2 O-O 7. O-O Qc7 8. h3 e5 9. Be3 exd4 10. Nxd4 Re8 11. Bd3 Nbd7 12. Nde2 b6 13. Qd2 Bb7 14. Bh6 Bxh6 15. Qxh6 c5 16. Ng3 c4 17. Nb5 Qc5 18. Bxc4 Qxc4 19. Nxd6 Qc5 20. Rfd1 Re6 21. Nxb7 Qc7 22. Nf5 gxf5 23. exf5 Rc6 24. Ra3 Kh8 25. Rg3 Rg8 26. Rxg8+ Nxg8 27. Qd2 Ne5 28. Qd4 f6 29. f4 Nf3+ 30. gxf3 Rxc2 31. Rd2 Rxd2 32. Qxd2 Qxb7 33. Kf2 Qc6 34. Qd4 Qc2+ 35. Ke3 Qxf5 36. h4 Qh5 37. Qd7 Qc5+ 38. Ke4 Qe7+ 39. Qxe7 Nxe7 40. Kd4 Nf5+ 0-1

[Event "12th KIIT International 2019"]
[Site "Odisha"]
[Date "2019.06.07"]
[Round "10.17"]
[White "Matta, Vinay Kumar"]
[Black "Manik, Mikulas"]
[Result "1/2-1/2"]
[ECO "C67"]
[WhiteElo "2181"]
[BlackElo "2399"]
[Annotator "NA RC"]
[PlyCount "50"]
[EventDate "2019.05.31"]
[EventType "swiss"]
[EventCountry "IND"]
[SourceTitle "playchess.com"]
[Source "ChessBase"]
[SourceQuality "1"]
[TimeControl "5400+30"]

1. e4 e5 2. Nf3 Nc6 3. Bb5 Nf6 4. O-O Nxe4 5. d4 Nd6 6. Bxc6 dxc6 7. dxe5 Nf5 8. Qxd8+ Kxd8 9. Rd1+ Ke8 10. h3 h5 11. Nc3 Be7 12. Ne4 Be6 13. b3 Bd5 14. Ned2 Rd8 15. Bb2 h4 16. c4 Be6 17. Ne4 Rh5 18. Rxd8+ Kxd8 19. Rd1+ Kc8 20. Ne1 Rh8 21. Nf3 Rh5 22. Ne1 Rh8 23. Nf3 Rh5 24. Ne1 Rh8 25. Nf3 Rh5 1/2-1/2

[Event "12th KIIT International 2019"]
[Site "Odisha"]
[Date "2019.06.07"]
[Round "10.18"]
[White "Gusain, Himal"]
[Black "Rohit S"]
[Result "1-0"]
[ECO "B10"]
[WhiteElo "2404"]
[BlackElo "1995"]
[Annotator "ChessBase"]
[PlyCount "49"]
[EventDate "2019.05.31"]
[EventType "swiss"]
[EventCountry "IND"]
[SourceTitle "playchess.com"]
[Source "ChessBase"]
[SourceQuality "1"]
[TimeControl "5400+30"]

1. Nf3 c5 2. e3 Nc6 3. c4 e6 4. Nc3 Nf6 5. d4 d5 6. cxd5 Nxd5 7. Bb5 Nxc3 8. bxc3 Bd7 9. O-O cxd4 10. exd4 Bd6 11. Bd3 Qc7 12. Qe2 Ne7 13. c4 Ng6 14. g3 O-O 15. h4 Rfe8 16. h5 Nf8 17. h6 g6 18. c5 Be7 19. Bf4 Qd8 20. Ne5 Bg5 21. Qe3 Bxf4 22. Qxf4 f6 23. Ng4 Kf7 24. Rab1 Rb8 25. Be4 1-0